 Dungeon Crawl Stone Soup version 0.24.0-37-gcf1ca852f1 (webtiles) character file.

Game seed: 13772394298251565014, levelgen mode: deterministic

32093 Delamore the Severer (level 13, -14/125 HPs)
             Began as a Hill Orc Fighter on Nov 30, 2019.
             Was the Champion of Okawaru.
             Splashed by an oklob plant's acid (15 damage)
             ... on level 4 of the Lair of Beasts.
             The game lasted 00:23:52 (18797 turns).

Delamore the Severer (Hill Orc Fighter)            Turns: 18797, Time: 00:23:53

Health: -14/125    AC:  8    Str: 26    XL:     13   Next: 62%
Magic:  0/13       EV:  8    Int: 11    God:    Okawaru [******]
Gold:   656        SH:  0    Dex: 12    Spells: 12/12 levels left

rFire    . . .     SeeInvis .   F - +2 battleaxe "Luquzi" {freeze, rC+ Str+4}
rCold    + + +     Gourm    .   (shield currently unavailable)
rNeg     + + .     Faith    .   S - +1 chain mail of Untold Secrets {rElec rC+ rN+}
rPois    .         Spirit   +   T - +2 hat
rElec    +         Reflect  .   J - +0 cloak
rCorr    .         Harm     .   W - +2 pair of gloves "Peatil" {Int+3}
MR       .....                  t - +0 pair of boots
Stlth    ..........             g - amulet of guardian spirit
HPRegen  0.30/turn              H - ring of protection from cold
MPRegen  0.13/turn              I - ring of positive energy

@: corroded
A: no striking features
a: Heroism, Finesse, Renounce Religion


You were on level 4 of the Lair of Beasts.
You worshipped Okawaru.
Okawaru was exalted by your worship.
You were not hungry.

You visited 3 branches of the dungeon, and saw 16 of its levels.

You collected 768 gold pieces.
You spent 112 gold pieces at shops.

Inventory:

Hand Weapons
 F - the +2 battleaxe "Luquzi" (weapon) {freeze, rC+ Str+4}
   (Okawaru gifted it to you on level 10 of the Dungeon)

   It has been specially enchanted to freeze those struck by it, causing extra
   injury to most foes and up to half again as much damage against particularly
   susceptible opponents.
   It can also slow down cold-blooded creatures.
   It affects your strength (+4).
   It protects you from cold.
 N - a +0 demon whip of electrocution
Missiles
 a - 6 curare-tipped darts (quivered)
 c - 3 atropa-tipped darts
Armour
 l - a +0 helmet
 t - a +0 pair of boots (worn)
 z - a +0 plate armour of poison resistance
 J - a +0 cloak (worn)
 S - the +1 chain mail of Untold Secrets (worn) {rElec rC+ rN+}
   (You found it on level 10 of the Dungeon)

   It protects you from cold.
   It insulates you from electricity.
   It protects you from negative energy.
 T - a +2 hat (worn)
 W - the +2 pair of gloves "Peatil" (worn) {Int+3}
   (Okawaru gifted it to you on level 3 of the Lair of Beasts)

   It affects your intelligence (+3).
Jewellery
 b - an uncursed amulet of magic regeneration
 g - an amulet of guardian spirit (around neck)
 u - a +4 ring of intelligence
 H - a ring of protection from cold (left hand)
 I - a ring of positive energy (right hand)
 Y - a cursed -2 ring of intelligence
Wands
 p - a wand of paralysis (3)
 q - a wand of enslavement (11)
 y - a wand of polymorph (6)
 D - a wand of scattershot (2)
 L - a wand of iceblast (5)
 M - a wand of flame (30)
 O - a wand of disintegration (37)
 Q - a wand of random effects (23)
Scrolls
 e - 10 scrolls of teleportation
 h - 2 scrolls of blinking
 j - a scroll of fear {unknown}
 m - 3 scrolls of random uselessness
 o - a scroll of enchant armour
 v - 11 scrolls of remove curse
 x - 2 scrolls of amnesia
 B - a scroll of immolation {unknown}
 E - 2 scrolls of noise {unknown}
 R - 4 scrolls of identify
 U - a scroll of fog {unknown}
Potions
 d - 2 potions of might
 i - 2 potions of cancellation
 k - 2 potions of resistance
 n - 5 potions of flight
 r - a potion of invisibility
 s - a potion of degeneration
 w - a potion of curing
 A - a potion of haste
 C - a potion of heal wounds
 G - 2 potions of brilliance
 K - 2 potions of ambrosia
 P - 2 potions of lignification {unknown}
 V - a potion of magic {unknown}
Comestibles
 f - 23 rations


   Skills:
 * Level 14.6 Fighting
 + Level 20.9 Axes
 * Level 8.9 Armour
   Level 3.2 Shields


You had 12 spell levels left.
You didn't know any spells.
Your spell library contained the following spells:

 Spells                   Type           Power        Failure   Level  Hunger
 Flame Tongue             Conj/Fire      #....        87%         1    ##.....
 Sandblast                Erth           #.....       87%         1    ##.....
 Summon Small Mammal      Summ           #...         87%         1    ##.....
 Call Imp                 Summ           #.......     95%         2    ###....
 Passwall                 Tmut/Erth      #.......     95%         2    ###....
 Throw Flame              Conj/Fire      #.....       95%         2    ###....
 Call Canine Familiar     Summ           #.......     99%         3    ####...
 Conjure Flame            Conj/Fire      #.......     99%         3    ####...
 Inner Flame              Hex/Fire       #.......     99%         3    ####...
 Stone Arrow              Conj/Erth      #.....       99%         3    ####...
 Summon Guardian Golem    Hex/Summ       #.......     99%         3    ####...
 Petrify                  Tmut/Erth      #.......     100%        4    #####..
 Sticky Flame             Conj/Fire      #.......     100%        4    #####..
 Summon Ice Beast         Ice/Summ       #.......     100%        4    #####..
 Summon Lightning Spire   Summ/Air       #.......     100%        4    #####..
 Fireball                 Conj/Fire      #.........   100%        5    ######.
 Lee's Rapid Deconstruct  Erth           #.........   100%        5    ######.


Dungeon Overview and Level Annotations

Branches:
Dungeon (11/15)            Temple (1/1) D:5            Lair (4/6) D:11
  Swamp (0/4) Lair:3        Snake (0/4) Lair:3
    Orc: D:9-12

Altars:
Ashenzari
Cheibriados
Dithmenos
Elyvilon
Fedhas
Gozag
Hepliaklqana
Kikubaaqudgha
Makhleb
Nemelex Xobeh
Okawaru
Qazlal
Ru
Sif Muna
Trog
Uskayaw
Vehumet
Wu Jian
Xom
Yredelemnul
Zin
The Shining One

Shops:
D:6 !

Annotations:
Lair:4 exclusion: 3 oklob plants


Message History

You completely miss the oklob plant.
The oklob plant is heavily damaged.
You hit the bush but do no damage. You slash the oklob plant!
You freeze the oklob plant. The oklob plant spits acid at you.
The splash of acid hits you.
* * * LOW HITPOINT WARNING * * *
You are splashed with acid!
* * * LOW HITPOINT WARNING * * *
You feel much better. The oklob plant spits acid at you.
The splash of acid hits you!
* * * LOW HITPOINT WARNING * * *
You are splashed with acid!
* * * LOW HITPOINT WARNING * * *
The oklob plant spits acid at you. The splash of acid hits you!
* * * LOW HITPOINT WARNING * * *
The acid corrodes you!
You are splashed with acid!
You die...

...... #.... ..#...#
#.... .......#######
##....
.......#...#P######...#
................##P...#
...............#.#....#
.....................###
.........P..............
...?..P@............#...
......PP.P...(..........
........................
........................
........................
........................
.#......................
......#................
#................


You could see 2 oklob plants and a friendly oklob plant.

Vanquished Creatures
  Gastronok (Lair:2)
  Josephine (D:10)
  A hydra (Lair:3)
  Erica (D:9)
  A two-headed ogre (D:8)
  Nergalle (D:10)
  Sonja (D:10)
  2 unseen horrors
  An oklob plant (D:11)
  6 black mambas
  Psyche (D:11)
  A gargoyle (D:11)
  2 centaur skeletons
  6 spiny frogs
  A rime drake (Lair:3)
  A komodo dragon (Lair:2)
  2 kobold demonologists (D:11)
  3 trolls
  A tyrant leech (Lair:3)
  A meliai zombie (D:11)
  14 blink frogs
  4 hippogriffs
  A spriggan (D:8)
  34 yaks
  5 wraiths
  Grum (D:11)
  3 hungry ghosts
  Menkaure (D:4)
  9 water moccasins
  3 orc warriors
  4 porcupines
  2 sky beasts
  An eye of draining (D:10)
  5 ice beasts
  A hornet zombie (D:5)
  3 phantoms
  6 black bears
  6 ogres
  3 crocodiles
  8 centaurs
  5 wolves
  5 big kobolds
  A gnoll sergeant (D:6)
  Blork the orc (D:4)
  10 bullfrogs
  A wyvern skeleton (D:7)
  2 scorpions
  3 killer bees (D:8)
  10 wights
  A howler monkey (D:6)
  5 crimson imps
  A centaur zombie (D:5)
  2 bullfrog zombies
  8 orc priests
  6 orc wizards
  4 hounds
  4 jellies
  A bullfrog skeleton (D:11)
  Natasha (thrice) (D:2)
  Terence (D:3)
  4 iguanas
  8 worker ants
  A killer bee zombie (D:6)
  A hound zombie (D:6)
  3 hound skeletons
  2 worker ant zombies
  8 gnolls
  A howler monkey skeleton (D:7)
  13 adders
  4 shadow imps
  4 oozes
  2 adder zombies
  An adder skeleton (D:9)
  6 worms
  2 dart slugs
  4 leopard geckos
  44 orcs
  3 ball pythons
  5 giant cockroaches
  38 goblins
  26 hobgoblins
  10 jackals
  9 quokkas
  5 bats
  4 frilled lizards
  12 kobolds
  3 rats
  A fungus (Lair:3)
  13 plants
460 creatures vanquished.

Vanquished Creatures (others)
  4 bushes
  6 fungi (Lair:3)
  7 plants
17 creatures vanquished.

Grand Total: 477 creatures vanquished

Notes
Turn   | Place    | Note
-------+----------+-------------------------------------------
     0 | D:1      | Delamore the Hill Orc Fighter began the quest for the Orb.
     0 | D:1      | Reached XP level 1. HP: 19/19 MP: 1/1
    56 | D:1      | Reached skill level 3 in Axes
   113 | D:1      | Reached XP level 2. HP: 22/26 MP: 2/2
   201 | D:1      | Reached skill level 4 in Axes
   428 | D:2      | Noticed Natasha
   436 | D:2      | Noticed a crimson imp
   437 | D:2      | Killed Natasha
   437 | D:2      | Reached skill level 5 in Axes
   437 | D:2      | Reached XP level 3. HP: 20/31 MP: 3/3
   540 | D:2      | Noticed Natasha
   552 | D:2      | Killed Natasha
   552 | D:2      | Reached XP level 4. HP: 26/39 MP: 2/4
   557 | D:2      | Noticed Natasha
   755 | D:2      | Killed Natasha
   755 | D:2      | Reached skill level 6 in Axes
   967 | D:2      | Reached XP level 5. HP: 41/45 MP: 5/5
  1112 | D:2      | Reached skill level 7 in Axes
  1608 | D:3      | Reached skill level 8 in Axes
  1608 | D:3      | Reached XP level 6. HP: 21/51 MP: 1/6
  2066 | D:3      | Found a faded altar of an unknown god.
  2102 | D:3      | Noticed Terence
  2123 | D:3      | Killed Terence
  2607 | D:4      | Noticed Menkaure
  2615 | D:4      | Killed Menkaure
  2615 | D:4      | Reached skill level 9 in Axes
  2772 | D:4      | Reached XP level 7. HP: 57/57 MP: 7/7
  2791 | D:4      | Noticed Blork the orc
  2812 | D:4      | Killed Blork the orc
  2812 | D:4      | Reached skill level 10 in Axes
  3358 | D:5      | Entered Level 5 of the Dungeon
  3544 | D:5      | Found a staircase to the Ecumenical Temple.
  3566 | Temple   | Entered the Ecumenical Temple
  3823 | D:5      | Reached skill level 11 in Axes
  3882 | D:5      | Reached XP level 8. HP: 27/64 MP: 1/8
  4260 | D:5      | Reached skill level 12 in Axes
  4723 | D:5      | Found an iron altar of Okawaru.
  4769 | D:5      | Became a worshipper of Warmaster Okawaru
  5104 | D:5      | Reached skill level 13 in Axes
  5608 | D:6      | Reached * piety under Okawaru
  5608 | D:6      | Reached skill level 14 in Axes
  5608 | D:6      | Reached XP level 9. HP: 50/70 MP: 5/9
  5823 | D:6      | Found Bayp's Distillery.
  5884 | D:6      | Bought a potion of curing for 42 gold pieces
  5884 | D:6      | Bought a potion of heal wounds for 70 gold pieces
  6010 | D:6      | Reached skill level 15 in Axes
  6076 | D:6      | Reached ** piety under Okawaru
  6366 | D:6      | Found a white marble altar of Elyvilon.
  6366 | D:6      | Found a shimmering altar of Xom.
  6563 | D:6      | Found a blossoming altar of Fedhas.
  7114 | D:7      | Reached skill level 16 in Axes
  7657 | D:7      | Reached XP level 10. HP: 32/77 MP: 4/10
  7868 | D:7      | Found a stormy altar of Qazlal.
  7934 | D:7      | Reached skill level 17 in Axes
  8154 | D:7      | Reached *** piety under Okawaru
  8569 | D:8      | Reached skill level 5 in Fighting
  8733 | D:8      | Found a hide-covered altar of Uskayaw.
  8889 | D:8      | Found a hazy altar of Hepliaklqana.
  9342 | D:8      | Killed an unseen horror
  9342 | D:8      | Reached **** piety under Okawaru
  9668 | D:9      | Noticed a two-headed ogre
  9692 | D:8      | Killed a two-headed ogre
  9947 | D:9      | Reached XP level 11. HP: 95/95 MP: 11/11
  9969 | D:9      | Noticed Erica
  9989 | D:9      | Killed Erica
  9989 | D:9      | Reached ***** piety under Okawaru
  9989 | D:9      | Reached skill level 18 in Axes
 10467 | D:9      | Found an ancient bone altar of Kikubaaqudgha.
 10498 | D:9      | Got a brightly glowing mace
 10499 | D:9      | Identified the +11 mace of Meliaj {holy, rF+} (You found it
                  | on level 9 of the Dungeon)
 10581 | D:10     | Entered Level 10 of the Dungeon
 10693 | D:10     | Noticed Nergalle
 10715 | D:10     | Killed Nergalle
 10715 | D:10     | Reached skill level 10 in Fighting
 11219 | D:10     | Received a gift from Okawaru
 11287 | D:10     | Noticed Sonja
 11418 | D:10     | Killed an unseen horror
 11740 | D:10     | Noticed Josephine
 11753 | D:10     | Killed Josephine
 11823 | D:10     | Got a heavily runed chain mail
 12101 | D:9      | Identified the +1 chain mail of Untold Secrets {rElec rC+
                  | rN+} (You found it on level 10 of the Dungeon)
 12162 | D:10     | Killed Sonja
 12162 | D:10     | Received a gift from Okawaru
 12166 | D:10     | Got a bloodstained battleaxe {god gift}
 12173 | D:10     | Identified the +2 battleaxe "Luquzi" {freeze, rC+ Str+4}
                  | (Okawaru gifted it to you on level 10 of the Dungeon)
 12508 | D:11     | Reached skill level 19 in Axes
 12570 | D:11     | Reached XP level 12. HP: 112/113 MP: 12/12
 12604 | D:11     | Found a staircase to the Lair.
 12625 | Lair:1   | Entered Level 1 of the Lair of Beasts
 12936 | D:11     | Noticed Grum
 13093 | D:11     | Killed Grum
 13096 | D:11     | Reached ****** piety under Okawaru
 13096 | D:11     | Reached skill level 20 in Axes
 13109 | D:11     | Received a gift from Okawaru
 13494 | D:11     | Found a glowing golden altar of the Shining One.
 13495 | D:11     | Noticed Psyche
 13504 | D:11     | Killed Psyche
 14602 | Lair:1   | Reached skill level 5 in Armour
 15014 | Lair:2   | Noticed Gastronok
 15026 | Lair:2   | Killed Gastronok
 15343 | Lair:2   | Got a shimmering falchion
 15344 | Lair:2   | Identified the +8 falchion of Zoyc {flame, rElec MR+} (You
                  | found it on level 2 of the Lair of Beasts)
 15607 | Lair:3   | Reached XP level 13. HP: 117/122 MP: 11/13
 15661 | Lair:3   | Received a gift from Okawaru
 15673 | Lair:3   | Found a staircase to the Snake Pit.
 15681 | Lair:3   | Got a pair of dazzling gloves {god gift}
 15693 | Lair:3   | Identified the +2 pair of gloves "Peatil" {Int+3} (Okawaru
                  | gifted it to you on level 3 of the Lair of Beasts)
 17161 | Lair:3   | Found a staircase to the Swamp.
 18796 | Lair:4   | HP: 4/125 [acid (16)]
 18797 | Lair:4   | HP: 1/125 [oklob plant/splash of acid (9)]
 18797 | Lair:4   | Splashed by an oklob plant's acid

Levels and vault maps discovered:
D:1:      minmay_arrival_plants_in_alcoves, layout_rooms
D:2:      layout_basic, first_ration, hangedman_decor_growths, uniq_natasha
D:3:      layout_basic, chequers_ecumenical_altar_lobes, minmay_cut_off,
          uniq_terence
D:4:      layout_loops_corners, uniq_menkaure, uniq_blork_the_orc
D:5:      minmay_goblin_kobold_castle, layout_cave_pods, lemuel_crystal_altar,
          minmay_temple_entry_wispy
D:6:      layout_loops_corners, gammafunk_temple_overflow_claw, serial_shops,
          nicolae_shop_waterfront, minmay_misc_feat_chi
D:7:      layout_basic, basic_altar
D:8:      layout_loops_ring, lemuel_crystal_altar, marbit_many_paths, the_bakery
D:9:      layout_small_grid, lemuel_crystal_altar, uniq_erica
D:10:     layout_basic, uniq_sonja, uniq_nergalle, uniq_josephine
D:11:     layout_basic, dpeg_oklobed_lair, minmay_misc_feat_doors,
          nicolae_tso_carved_into_rock, uniq_grum, uniq_psyche
Temple:   regret_index_temple_generic_petals
Lair:1:   layout_long_grid, st_stairs_11, chequers_serial_rivers_micro_d
Lair:2:   layout_misc_corridors, uniq_gastronok
Lair:3:   layout_regular_city, minmay_swamp_entry_worms,
          minmay_snake_entry_six_corridors, grunt_forest_small_clearings,
          patterned_corridor
Lair:4:   minmay_guarded_unrand_snakebite, layout_hall_layers, minmay_holes,
          dpeg_oklob_1

Skill      XL: |  1  2  3  4  5  6  7  8  9 10 11 12 13 |
---------------+----------------------------------------+-----
Axes           | 3 5 6 8 9 11 14 16 17 19 20 | 20.9
Fighting       | 8 12 13 14 | 14.6
Armour         | 6 8 |  8.9
Shields        | |  3.2

Action                   |  1- 3 |  4- 6 |  7- 9 | 10-12 | 13-15 || total
-------------------------+-------+-------+-------+-------+-------++-------
Melee: War axe           |    73 |   192 |   506 |   317 |       ||  1088
       Broad axe         |       |       |       |    68 |       ||    68
       Battleaxe         |       |       |       |   226 |   169 ||   395
       Mace              |       |       |       |    32 |       ||    32
Throw: Boomerang         |       |       |       |     1 |       ||     1
Evoke: Wand              |       |       |       |     2 |    15 ||    17
  Use: Scroll            |       |       |     4 |    10 |       ||    14
       Potion            |       |       |       |     4 |     1 ||     5
 Stab: Distracted        |       |     1 |       |       |       ||     1
       Paralysed         |       |       |       |     2 |       ||     2
  Eat: Chunk             |       |     6 |    17 |    24 |     9 ||    56
       Ration            |       |       |       |     2 |     1 ||     3
Armor: Scale mail        |    36 |    71 |    30 |       |       ||   137
       Plate armour      |       |       |   198 |   287 |       ||   485
       Chain mail        |       |       |       |    95 |    89 ||   184
Dodge: Dodged            |    27 |    51 |    68 |   113 |    56 ||   315
Block: Shield            |    40 |    94 |   189 |   171 |       ||   494
